 Seeded DCSS version 0.30.0-30-g96aa6591b8 (webtiles) character file.

Game seed: 5262528099854255737 (custom seed)

74 CInkIbrahim the Slasher (level 4, 0/36 HPs)
             Began as a Draconian Gladiator on June 28, 2023.
             Slain by a phantom (3 damage)
             ... on level 2 of the Dungeon.
             The game lasted 00:01:50 (1065 turns).

CInkIbrahim the Slasher (Draconian Gladiator)       Turns: 1065, Time: 00:01:50

Health: 0/36       AC:  7    Str: 17    XL:     4   Next: 10%
Magic:  4/4        EV: 12    Int:  8    God:
Gold:   205        SH:  0    Dex: 14    Spells: 3/3 levels left

rFire   . . .        a - +0 long sword
rCold   . . .        (no shield)
rNeg    . . .        (body armour unavailable)
rPois   +            h - +0 hat
rElec   .            k - +1 cloak
rCorr   .            (no gloves)
SInv    .            (no boots)
Will    .....        (no amulet)
Stlth   +            i - ring of poison resistance
HPRegen 0.26/turn    (no ring)
MPRegen 0.09/turn

%: no passive effects
@: no status effects
A: AC +5, unfitting armour, cold-blooded
a: no special abilities


You were on level 2 of the Dungeon.
You visited 1 branch of the dungeon, and saw 2 of its levels.

You collected 205 gold pieces.

Inventory:

Hand Weapons
 a - a +0 long sword (weapon)
 b - a +0 vampiric short sword
Missiles
 c - 3 throwing nets (quivered)
 d - a javelin
Armour
 f - a +0 kite shield
 h - a +0 hat (worn)
 k - a +1 cloak (worn)
Jewellery
 i - a ring of poison resistance (left hand)
 n - a +6 ring of strength
Scrolls
 l - a scroll of teleportation {unknown}
 m - a scroll of fear {unknown}
 o - a scroll of acquirement {unknown}
 p - a scroll of immolation {unknown}
Potions
 e - a potion of haste {unknown}
 g - 2 potions of might {unknown}
 j - 2 potions of curing {unknown}


   Skills:
 - Level 2.1 Fighting
 + Level 5.0 Long Blades
 - Level 1.7 Throwing
 - Level 2.6 Dodging


You had 3 spell levels left.
You didn't know any spells.
Your spell library was empty.

Dungeon Overview and Level Annotations

Branches:
Dungeon (2/15)

Altars:

Shops:
D:1 :   D:2 [


Innate Abilities, Weirdness & Mutations

Your plain brown scales are hard. (AC +5)
You cannot fit into any form of body armour.
You are cold-blooded and may be slowed by cold attacks.


Message History

You tail-slap the phantom, but do no damage.
The phantom is heavily damaged.
The phantom hits you.
* * * LOW HITPOINT WARNING * * *
You closely miss the phantom. You tail-slap the phantom.
The phantom is severely damaged.
The phantom hits you.
* * * LOW HITPOINT WARNING * * *
The phantom blinks!
You blink.
The phantom misses you. The phantom attacks as you move away!
The phantom hits you but does no damage.
You barely miss the phantom.
The phantom is severely damaged.
The phantom closely misses you. The phantom barely misses you.
You barely miss the phantom.
The phantom is severely damaged.
The phantom hits you.
* * * LOW HITPOINT WARNING * * *
You slash the phantom!
The phantom is almost destroyed.
The phantom completely misses you.
You barely miss the phantom.
You tail-slap the phantom, but do no damage.
The phantom is almost destroyed.
The phantom hits you.
* * * LOW HITPOINT WARNING * * *
The phantom blinks!
You blink.
You closely miss the phantom.
The phantom is almost destroyed.
The phantom hits you.
* * * LOW HITPOINT WARNING * * *
The phantom blinks!
You blink.
You hit the phantom but do no damage.
The phantom is almost destroyed.
The phantom closely misses you.
You completely miss the phantom.
Your tail-slap misses the phantom.
The phantom is almost destroyed.
The phantom hits you.
You die...

#.#######+#######
#.
#.#≈≈≈≈≈≈.≈≈≈≈≈≈#
#.
#.#≈...........≈#
#.
#.#≈...........≈#
#.
#.#≈..#≈≈≈≈≈#..≈#
.
#†#≈..≈≈###≈≈..≈#
#.#≈..§## #≈..≈#
#.'...≈# ≈...+
###≈.@W## #≈..≈#
#≈..≈≈###≈≈..≈#
#≈..#≈≈≈≈≈#..≈#
#≈...........≈#
#≈...........≈#
#≈≈≈≈≈≈.≈≈≈≈≈≈#
#######'#####
#.##..#
#.....#######


You could see a phantom.

Vanquished Creatures
  4 adders (D:2)
  2 dart slugs
  2 bats (D:1)
  5 endoplasms
  A giant cockroach (D:1)
  7 goblins
  2 jackals (D:1)
  A quokka (D:1)
  3 ball pythons
  2 frilled lizards
  2 kobolds
  4 rats
35 creatures vanquished.

Notes
Turn   | Place    | Note
-------+----------+-------------------------------------------
     0 | D:1      | CInkIbrahim the Draconian Gladiator began the quest for the
                  | Orb.
     0 | D:1      | Reached XP level 1. HP: 17/17 MP: 1/1
   112 | D:1      | Reached XP level 2. HP: 22/24 MP: 2/2
   286 | D:1      | Reached skill level 4 in Long Blades
   361 | D:1      | Found Zojak's Book Boutique.
   563 | D:2      | Reached XP level 3. HP: 27/29 MP: 3/3
   792 | D:2      | Found Dobing's Antique Armour Boutique.
  1004 | D:2      | Noticed a phantom
  1026 | D:2      | Reached skill level 5 in Long Blades
  1026 | D:2      | Reached XP level 4. HP: 36/36 MP: 4/4
  1065 | D:2      | Slain by a phantom

Illustrated notes

Levels and vault maps discovered:
D:1:      scummos_arrival_simple_crosswalls, layout_basic, serial_shops, shop,
          skrybe_limestone_x
D:2:      layout_loops_ring, serial_shops, nicolae_shop_waterfront,
          grunt_ministairs_15, kennysheep_path_1, guppyfry_early_lair_pool

Skill      XL: |  1  2  3 |
---------------+----------+-----
Long Blades    | 4 5 |  5.0
Fighting       | |  2.1
Throwing       | |  1.7
Dodging        | |  2.6

Action                     |  1- 3 |  4- 6 || total
---------------------------+-------+-------++-------
  Melee: Long sword        |    47 |    19 ||    66
         Punch             |     1 |       ||     1
         Short sword       |    74 |    15 ||    89
         Tailslap          |    12 |     6 ||    18
 Armour: Skin              |    37 |     9 ||    46
  Dodge: Dodged            |    76 |    13 ||    89
